 Dungeon Crawl Stone Soup version 0.27-a0-1358-ga0a28fc8c3 (webtiles) character file.

Game seed: 12142365217648421973

203 HESUNTHESUNT the Covered (level 6, -5/47 HPs)
             Began as a Djinni Fighter on June 28, 2021.
             Was an Initiate of Ashenzari.
             Slain by Grinder (6 damage)
             ... while paralysed by Grinder
             ... on level 4 of the Dungeon.
             The game lasted 00:09:12 (4152 turns).

HESUNTHESUNT the Covered (Djinni Fighter)           Turns: 4152, Time: 00:09:12

Health: -5/47      AC:  8    Str: 17    XL:     6   Next: 8%
Gold:   166        EV:  2    Int:  9    God:    Ashenzari [......] SH:  0 Dex: 13

rFire    + + .     SeeInvis .   a - +0 long sword
rCold    x . .     Faith    .   c - +0 kite shield
rNeg     . . .     Spirit   .   b - +0 scale mail
rPois    ∞         Reflect  .   (no helmet)
rElec    .         Harm     .   (no cloak)
rCorr    .         Rampage  .   g - +0 pair of gloves
Will     .....                  (boots unavailable)
Stlth    ..........             (no amulet)
HPRegen  0.15/turn              (no ring)
MPRegen  0.00/turn              (no ring)

@: paralysed, flying
A: sickness immunity, fire resistance 2, cold vulnerability 1, float, innate
caster, hp casting, extra vitality 1
a: Renounce Religion, Curse Item


You were on level 4 of the Dungeon.
You worshipped Ashenzari.
Ashenzari was noncommittal.
You visited 1 branch of the dungeon, and saw 4 of its levels.

You collected 166 gold pieces.

Inventory:

Hand Weapons
 a - a +0 long sword (weapon)
Armour
 b - a +0 scale mail (worn)
 c - a +0 kite shield (worn)
 g - a +0 pair of gloves (worn)
Scrolls
 e - a scroll of silence
 f - a scroll of enchant weapon
 h - a scroll of blinking


   Skills:
 + Level 4.0 Fighting
 + Level 3.0 Long Blades
 + Level 4.0 Armour
 + Level 4.0 Shields


You had 2 spell levels left.
You knew the following spells:

 Your Spells              Type           Power      Damage    Failure   Level
a - Foxfire               Conj/Fire      0%         2x1d4     99%         1
b - Slow                  Hex            0%         N/A       100%        2
Your spell library was empty.


Dungeon Overview and Level Annotations

Branches:
Dungeon (4/15)
 Temple: D:4-7

Altars:
Ashenzari
Elyvilon
Xom

Shops:
D:2 (

Annotations:
D:4 Dowan, Duvessa, Grinder


Innate Abilities, Weirdness & Mutations

You are immune to sickness and miasma.
You are immune to poison.
Your flesh is very heat resistant. (rF++)
You are vulnerable to cold. (rC-)
You float through the air rather than walking.
You learn spells naturally, not from books.
Your magical power is your life essence.
You have superior vitality. (+4 HP)


Message History

Grinder gestures at you.
You shrug off the repeated paralysis!
Grinder hits you!
You writhe in agony.
Grinder hits you.
* * * LOW HITPOINT WARNING * * *
You writhe in agony.
* * * LOW HITPOINT WARNING * * *
Grinder gestures at you. You resist with some effort.
You can move again.
Unknown command.
Unknown command.
You closely miss Grinder.
Grinder is severely wounded.
You block Grinder's attack. Grinder hits you but does no damage.
You barely miss Grinder.
Grinder is severely wounded.
You block Grinder's attack.
You closely miss Grinder.
Grinder is severely wounded.
You block Grinder's attack. Grinder gestures at you.
You resist with some effort.
Your shield and scale mail prevent you from hitting Grinder.
Grinder is severely wounded.
You block Grinder's attack.
You hit Grinder but do no damage.
Grinder is severely wounded.
Grinder hits you but does no damage.
You barely miss Grinder.
Grinder is severely wounded.
Grinder gestures at you. You resist with some effort. Grinder hits you!
* * * LOW HITPOINT WARNING * * *
You writhe in agony.
* * * LOW HITPOINT WARNING * * *
Grinder gestures at you.
You suddenly lose the ability to move!
Grinder hits you.
You die...

..>. ## .....
.. ..... #.
...... ##.
......
##..##.?....
#...@....#
####...5....#
..>......#.##
.............#
...#..>......#
##...#.......#
#..###.......#
#.# #.......#
.. #.......#


You could see Grinder.

Vanquished Creatures
  A phantom (D:3)
  6 adders
  A worm (D:3)
  3 orcs (D:3)
  6 ball pythons
  6 endoplasms
  A giant cockroach (D:3)
  6 goblins
  3 hobgoblins (D:1)
  6 jackals (D:1)
  5 quokkas
  5 bats
  6 frilled lizards
  6 kobolds
  5 rats
66 creatures vanquished.

Vanquished Creatures (others)
  2 plants (D:1)
2 creatures vanquished.

Grand Total: 68 creatures vanquished

Notes
Turn   | Place    | Note
-------+----------+-------------------------------------------
     0 | D:1      | HESUNTHESUNT the Djinni Fighter began the quest for the
                  | Orb.
     0 | D:1      | Reached XP level 1. HP: 20/20 MP: 0/0
   284 | D:1      | Reached XP level 2. HP: 22/25 MP: 0/0
   658 | D:1      | Reached XP level 3. HP: 30/30 MP: 0/0
   658 | D:1      | Learned a level 1 spell: Foxfire
   763 | D:1      | Found a faded altar of an unknown god.
   778 | D:1      | Became a worshipper of Ashenzari the Shackled
  1617 | D:2      | Reached XP level 4. HP: 29/35 MP: 0/0
  1943 | D:2      | Found Aboqatue's Antique Weapon Boutique.
  2520 | D:3      | Found a white marble altar of Elyvilon.
  2521 | D:3      | Found a shimmering altar of Xom.
  2805 | D:3      | Reached XP level 5. HP: 41/41 MP: 0/0
  2805 | D:3      | Learned a level 2 spell: Slow
  3606 | D:4      | Noticed Grinder
  3606 | D:4      | Noticed a phantom
  3835 | D:3      | Killed a phantom
  3836 | D:3      | Reached XP level 6. HP: 21/47 MP: 0/0
  4055 | D:4      | Noticed Duvessa
  4055 | D:4      | Noticed Dowan
  4095 | D:4      | Paralysed by Grinder for 2 turns
  4112 | D:4      | Paralysed by Grinder for 7 turns
  4139 | D:4      | Paralysed by Grinder for 6 turns
  4150 | D:4      | HP: 1/47 [Grinder (5)]
  4151 | D:4      | Paralysed by Grinder for 7 turns
  4152 | D:4      | Slain by Grinder

Illustrated notes

Levels and vault maps discovered:
D:1:      eino_arrival_druids_welcome, layout_loops_ring,
          ebering_ecumenical_altar_sacrificial
D:2:      layout_loops_ring, serial_shops, nicolae_shop_behind_doors
D:3:      layout_loops_corners, grunt_temple_overflow_open, kennysheep_potato
D:4:      layout_rooms, nemelex_spade_bored_becter, temple_statues,
          uniq_duvessa, uniq_grinder

Skill      XL: |  1  2  3  4  5 |
---------------+----------------+-----
Long Blades    | 2 3 |  3.0
Fighting       | 4 |  4.0
Armour         | 4 |  4.0
Shields        | 4 |  4.0

Action                   |  1- 3 |  4- 6 || total
-------------------------+-------+-------++-------
Melee: Long sword        |   124 |   151 ||   275
       Unarmed           |       |     4 ||     4
  Use: Potion            |       |     1 ||     1
 Stab: Confused          |       |     1 ||     1
Armor: Scale mail        |    60 |    55 ||   115
       Skin              |       |     5 ||     5
Dodge: Dodged            |    41 |    38 ||    79
Block: Kite shield       |    65 |    78 ||   143
       Rpst.: Long sword |     9 |    12 ||    21

Table legend: (Time is in decaauts)
 A = Elapsed time spent in this place.
 B = Non-inter-level travel time spent in this place.
 C = Inter-level travel time spent in this place.
 D = Time resting spent in this place.
 E = Time spent auto-exploring this place.
 F = Levels seen in this place.
 G = Mean time per level.
                   A        B        C        D        E       F      G
               +--------+--------+--------+--------+--------+-----+--------+
         Total |   4294 |   4168 |    126 |    310 |   2979 |   4 | 1073.5 |
       Dungeon |   4294 |   4168 |    126 |    310 |   2979 |   4 | 1073.5 |
               +--------+--------+--------+--------+--------+-----+--------+

Top non-repeatable levels by time:
     D:3: 1785 daAuts
     D:1: 1516 daAuts
     D:2: 870 daAuts
     D:4: 121 daAuts
